 Dungeon Crawl Stone Soup version 0.27.1-33-g824d729ab1 (webtiles) character file.

Game seed: 16312139941024522863

500 safid the Chopper (level 7, -3/57 HPs)
             Began as a Hill Orc Fighter on Dec 7, 2021.
             Was an Initiate of Beogh.
             Slain by an ogre (10 damage)
             ... on level 4 of the Dungeon.
             The game lasted 00:06:28 (4101 turns).

safid the Chopper (Hill Orc Fighter)                Turns: 4101, Time: 00:06:28

Health: -3/57      AC:  6    Str: 21    XL:     7   Next: 16%
Magic:  7/7        EV:  8    Int:  8    God:    Beogh [......]
Gold:   150        SH: 10    Dex: 10    Spells: 6/6 levels left

rFire    . . .     SeeInvis .   a - +0 war axe
rCold    . . .     Faith    .   c - +0 kite shield
rNeg     . . .     Spirit   .   b - +0 scale mail
rPois    .         Reflect  .   (no helmet)
rElec    .         Harm     .   (no cloak)
rCorr    .         Rampage  .   (no gloves)
Will     .....                  (no boots)
Stlth    ..........             (no amulet)
HPRegen  0.19/turn              (no ring)
MPRegen  0.10/turn              (no ring)

@: no status effects
A: no striking features
a: Renounce Religion


You were on level 4 of the Dungeon.
You worshipped Beogh.
Beogh was noncommittal.
You visited 1 branch of the dungeon, and saw 4 of its levels.

You collected 150 gold pieces.

Inventory:

Hand Weapons
 a - a +0 war axe (weapon)
Missiles
 n - a silver javelin (quivered)
Armour
 b - a +0 scale mail (worn)
 c - a +0 kite shield (worn)
Wands
 o - a wand of iceblast (6)
Scrolls
 e - 3 scrolls of identify {unknown}
 i - a scroll of magic mapping {unknown}
 j - a scroll of acquirement {unknown}
 k - a scroll of summoning {unknown}
 l - 2 scrolls of amnesia {unknown}
Potions
 f - a potion of heal wounds {unknown}
 g - a potion of berserk rage {unknown}
 h - a potion of flight {unknown}
 m - 3 potions of curing {unknown}


   Skills:
 - Level 3.6 Fighting
 + Level 7.2 Axes
 - Level 3.2 Armour
 + Level 6.5 Shields


You had 6 spell levels left.
You didn't know any spells.
Your spell library contained the following spells:

 Spells                   Type           Power      Damage    Failure   Level
 Corpse Rot               Necr/Air       N/A        N/A       99%         2
 Poisonous Vapours        Pois/Air       0%         N/A       99%         2
 Tukima's Dance           Hex            0%         N/A       100%        3
 Passage of Golubria      Tloc           N/A        N/A       100%        4
 Freezing Cloud           Conj/Ice/Air   0%         6-21      100%        5
 Yara's Violent Unravell  Hex/Tmut       0%         3d3       100%        5


Dungeon Overview and Level Annotations

Branches:
Dungeon (4/15)
 Temple: D:4-7

Altars:
Xom


Message History

Unknown command.
You hit Sigmund but do no damage.
Sigmund is severely wounded.
Unknown command.
You slash Sigmund!
You kill Sigmund!
Beogh accepts your kill.
Your Axes skill increases to level 7!
You have reached level 7!
Unknown command.
Things that are here:
a +2 scythe of protection; a +0 robe; the human corpse of Sigmund
n - a silver javelin You open the door.
Found a hunting sling.
Found a shimmering altar of Xom.
There is an open door here.
You see here a +0 hunting sling.
You open the door.
You feel a little less mighty now.
There is an open door here.
An ogre comes into view. It is wielding a +0 giant spiked club.
The ogre shouts!
Found 17 sling bullets.
You slash the ogre!
The ogre is heavily wounded.
The ogre hits you with a +0 giant spiked club.
You barely miss the ogre.
The ogre is heavily wounded.
The ogre hits you with a +0 giant spiked club!!
Ouch! That really hurt!
Unknown command.
You barely miss the ogre.
The ogre is heavily wounded.
The ogre hits you with a +0 giant spiked club!
* * * LOW HITPOINT WARNING * * *
Unknown command.
You slash the ogre!
The ogre is almost dead.
The ogre hits you with a +0 giant spiked club!
You die...

#.##.# #.# #.##.## <.#
#.##..# ## #.###'###
#.#..)..##### ####
#.#.#.#.#...# ....
#.+.._..'...# ....
#######.#.#.#.#...# ####
........#.....##@##
###########+###.O...(...
#..#####.# .... ##...
#.### #. #.


You could see an ogre.

Vanquished Creatures
  Sigmund (D:4)
  A necrophage (D:4)
  Blork the orc (D:4)
  A scorpion (D:4)
  A jelly (D:4)
  5 adders
  A shadow imp (D:3)
  3 dart slugs
  5 ball pythons
  5 bats
  2 endoplasms
  3 giant cockroaches
  4 goblins
  8 hobgoblins
  4 jackals (D:3)
  A quokka (D:3)
  4 frilled lizards
  5 kobolds
  5 rats
60 creatures vanquished.

Notes
Turn   | Place    | Note
-------+----------+-------------------------------------------
     0 | D:1      | safid the Hill Orc Fighter began the quest for the Orb.
     0 | D:1      | Reached XP level 1. HP: 19/19 MP: 1/1
   195 | D:1      | Reached skill level 3 in Axes
   330 | D:1      | Reached XP level 2. HP: 22/26 MP: 2/2
  1122 | D:2      | Reached XP level 3. HP: 31/31 MP: 3/3
  1399 | D:2      | Reached skill level 4 in Axes
  2431 | D:3      | Reached XP level 4. HP: 35/39 MP: 4/4
  2950 | D:3      | Became a worshipper of Beogh the Brigand
  3231 | D:3      | Reached skill level 5 in Axes
  3391 | D:4      | Noticed a necrophage
  3402 | D:4      | Killed a necrophage
  3403 | D:4      | Reached skill level 5 in Shields
  3403 | D:4      | Reached XP level 5. HP: 38/45 MP: 5/5
  3467 | D:4      | Noticed Blork the orc
  3478 | D:4      | Killed Blork the orc
  3479 | D:4      | Reached skill level 6 in Axes
  3479 | D:4      | Reached XP level 6. HP: 39/51 MP: 6/6
  4038 | D:4      | Noticed Sigmund
  4046 | D:4      | Killed Sigmund
  4047 | D:4      | Reached skill level 7 in Axes
  4047 | D:4      | Reached XP level 7. HP: 52/57 MP: 7/7
  4088 | D:4      | Found a shimmering altar of Xom.
  4101 | D:4      | Slain by an ogre

Illustrated notes

Levels and vault maps discovered:
D:1:      dpeg_arrival_arbitrary_c, layout_basic
D:2:      layout_basic
D:3:      layout_rooms
D:4:      layout_loops_ring, kennysheep_little_box, serial_shops,
          nicolae_lakefront_shop, grunt_ministairs_6, uniq_blork_the_orc,
          uniq_sigmund

Skill      XL: |  1  2  3  4  5  6 |
---------------+-------------------+-----
Axes           | 3 4 5 6 7 |  7.2
Shields        | 4 5 6 |  6.5
Fighting       | |  3.6
Armour         | |  3.2

Action                   |  1- 3 |  4- 6 |  7- 9 || total
-------------------------+-------+-------+-------++-------
Melee: War axe           |   101 |   118 |     4 ||   223
Throw: Javelin           |       |     6 |       ||     6
Invok: Convert to Beogh  |       |     1 |       ||     1
  Use: Potion            |       |     1 |       ||     1
Armor: Scale mail        |    46 |    66 |       ||   112
Dodge: Dodged            |    28 |    47 |       ||    75
Block: Kite shield       |    55 |    76 |       ||   131
